 Dungeon Crawl Stone Soup version 0.27.0 (webtiles) character file.

Game seed: 6266753032828232393

37 RubberyChicken the Skirmisher (level 3, -4/33 HPs)
             Began as a Minotaur Fighter on July 30, 2021.
             Slain by Sigmund (6 damage)
             ... on level 2 of the Dungeon.
             The game lasted 00:01:11 (1070 turns).

RubberyChicken the Skirmisher (Minotaur Fighter)    Turns: 1070, Time: 00:01:11

Health: -4/33      AC:  6    Str: 21    XL:     3   Next: 21%
Magic:  2/2        EV:  7    Int:  5    God:
Gold:   53         SH:  0    Dex:  9    Spells: 2/2 levels left

rFire    . . .     SeeInvis .   a - +0 war axe
rCold    . . .     Faith    .   c - +0 kite shield
rNeg     . . .     Spirit   .   b - +0 scale mail
rPois    .         Reflect  .   (helmet restricted)
rElec    .         Harm     .   (no cloak)
rCorr    .         Rampage  .   (no gloves)
Will     .....                  (no boots)
Stlth    ..........             (no amulet)
HPRegen  0.11/turn              (no ring)
MPRegen  0.08/turn              (no ring)

@: confused
A: horns 2, retaliatory headbutt
a: no special abilities


You were on level 2 of the Dungeon.
You visited 1 branch of the dungeon, and saw 2 of its levels.

You collected 53 gold pieces.

Inventory:

Hand Weapons
 a - a +0 war axe (weapon)
 g - a +1 spear of flaming
Missiles
 h - 5 silver boomerangs (quivered)
Armour
 b - a +0 scale mail (worn)
 c - a +0 kite shield (worn)
Scrolls
 i - a scroll of immolation {unknown}
 j - a scroll of teleportation {unknown}
Potions
 d - a potion of might
 e - a potion of resistance {unknown}
 f - a potion of invisibility {unknown}


   Skills:
 + Level 4.1 Fighting
 * Level 4.0 Axes
 - Level 3.6 Armour
 - Level 3.6 Shields


You had 2 spell levels left.
You didn't know any spells.
Your spell library contained the following spells:

 Spells                   Type           Power      Damage    Failure   Level
 Corona                   Hex            0%         N/A       99%         1
 Ensorcelled Hibernation  Hex/Ice        0%         N/A       100%        2
 Tukima's Dance           Hex            0%         N/A       100%        3


Dungeon Overview and Level Annotations

Branches:
Dungeon (2/15)

Altars:

Annotations:
D:2 Sigmund


Innate Abilities, Weirdness & Mutations

You have a pair of horns on your head.
You reflexively headbutt those who attack you in melee.


Message History

Sigmund is moderately wounded.
Sigmund completely misses you. You block Sigmund's attack.
You hit Sigmund but do no damage.
Sigmund is moderately wounded.
Sigmund hits you with a +0 scythe of flaming!
Sigmund burns you.
You slash Sigmund! Your headbutt misses Sigmund.
Sigmund is heavily wounded.
You block Sigmund's attack.
Sigmund hits you with a +0 scythe of flaming.
Sigmund burns you.
You are too injured to fight recklessly!
You are too injured to fight recklessly!
You slash Sigmund! Your headbutt misses Sigmund.
Sigmund is almost dead.
Sigmund hits you but does no damage. Sigmund barely misses you.
You barely miss Sigmund.
Sigmund is almost dead.
Sigmund casts a spell at you.
You are confused.
Sigmund hits you with a +0 scythe of flaming!
Sigmund burns you.
* * * LOW HITPOINT WARNING * * *
You miss Sigmund.
Sigmund is almost dead.
Sigmund casts a spell at you.
You are more confused.
Sigmund hits you with a +0 scythe of flaming.
* * * LOW HITPOINT WARNING * * *
Sigmund burns you.
* * * LOW HITPOINT WARNING * * *
You bump into the rock wall.
Sigmund barely misses you.
You're too confused to move!
Sigmund hits you with a +0 scythe of flaming.
* * * LOW HITPOINT WARNING * * *
Sigmund burns you.
* * * LOW HITPOINT WARNING * * *
You bump into the rock wall.
Sigmund hits you with a +0 scythe of flaming.
You die...

#### #.. #.#
##.#####@####
.......@....#
...#####.##.#
#..#.# #
##.#..###.#
#.........#
##.####..####
##+## #.#
#...#.#
##...##
##.##.##.##
##.....##
#.#.#.##


You could see Sigmund.

Vanquished Creatures
  A dart slug (D:1)
  2 giant cockroaches (D:1)
  4 hobgoblins (D:1)
  2 jackals (D:1)
  A quokka (D:1)
  A ball python (D:1)
  5 bats (D:1)
  5 frilled lizards (D:1)
  6 goblins (D:1)
  2 kobolds (D:1)
  4 rats
33 creatures vanquished.

Vanquished Creatures (others)
  A plant (D:1)
1 creature vanquished.

Grand Total: 34 creatures vanquished

Notes
Turn   | Place    | Note
-------+----------+-------------------------------------------
     0 | D:1      | RubberyChicken the Minotaur Fighter began the quest for the
                  | Orb.
     0 | D:1      | Reached XP level 1. HP: 19/19 MP: 0/0
   122 | D:1      | Reached XP level 2. HP: 24/27 MP: 1/1
   582 | D:1      | Reached XP level 3. HP: 33/33 MP: 2/2
  1056 | D:2      | Noticed Sigmund
  1070 | D:2      | Slain by Sigmund

Illustrated notes

Levels and vault maps discovered:
D:1:      lemuel_arrival_muddy, layout_loops_ring, minmay_crystal_water,
          chequers_big_river
D:2:      layout_loops_corners, basic_ecumenical_altar, uniq_natasha,
          uniq_sigmund, uniq_jessica, uniq_terence

Skill      XL: |  1  2  3 |
---------------+----------+-----
Axes           | 3 4 |  4.0
Fighting       | 4 |  4.1
Armour         | |  3.6
Shields        | |  3.6

Action                   || total
-------------------------++-------
Melee: War axe           ||   100
       Headbutt          ||     6
Armor: Scale mail        ||    63
Dodge: Dodged            ||    44
Block: Kite shield       ||    61
